Map: Cactus Valley LE (Void)

Players

Fropez - Winner!

  • Race: Protoss Protoss
  • League: Platinum
  • Spawn Location: 11:00

Zeus

  • Race: Protoss Protoss
  • Spawn Location: 7:00

VOD

Have the link to the VOD?

Description

Time

  • Played on: Jan. 26, 2017, 5:16 p.m.
  • Length: 8:40
Show
View Real Time Build Order
Export as new Build Order

Fropez Protoss - Winner!

Build Orders: 1 Gate Expand 

Get SALT Encoding   

  12  0:00  Probe (Chrono Boost)  
  13  0:11  Probe (Chrono Boost)  
  14  0:19  Pylon  
  14  0:22  Probe (Chrono Boost)  
  15  0:38  Probe (Chrono Boost)  
  15  0:41  Gateway  
  16  0:48  Probe (Chrono Boost)  
  17  0:51  Assimilator  
  17  0:59  Probe (Chrono Boost)  
  17  1:09  Probe (Chrono Boost)  
  18  1:25  Nexus  
  18  1:39  Cybernetics Core  
  18  1:49  Gateway  
  18  2:06  Probe (Chrono Boost)  
  19  2:09  Warp Gate  
  19  2:20  Pylon  
  19  2:26  Pylon  
  19  2:28  Mothership Core (Chrono Boost)  
  21  2:36  Adept  
  23  2:42  Assimilator  
  23  2:46  Probe (Chrono Boost), Assimilator  
  23  2:47  Adept  
  26  2:57  Probe (Chrono Boost)  
  27  3:03  Pylon  
  27  3:06  Adept  
  27  3:09  Probe (Chrono Boost)  
  27  3:11  Probe (Chrono Boost)  
  31  3:14  Adept  
  34  3:21  Probe (Chrono Boost)  
  34  3:22  Probe (Chrono Boost)  
  35  3:32  Pylon  
  35  3:36  Probe x2 (Chrono Boost)  
  38  3:48  Probe (Chrono Boost)  
  36  4:08  Twilight Council  
  36  4:11  Probe (Chrono Boost), Gateway  
  36  4:12  Probe (Chrono Boost)  
  36  4:13  Gateway  
  36  4:14  Adept  
  36  4:15  Pylon  
  38  4:18  Adept  
  42  4:24  Probe (Chrono Boost)  
  42  4:25  Probe (Chrono Boost)  
  42  4:31  Assimilator  
  42  4:34  Probe (Chrono Boost)  
  43  4:38  Pylon  
  43  4:52  Resonating Glaives  
  43  5:02  Adept x2  
  43  5:04  Probe x2 (Chrono Boost)  
  45  5:16  Probe (Chrono Boost)  
  45  5:19  Probe (Chrono Boost)  
  43  5:26  Adept x3  
  43  5:27  Adept  
  51  5:37  Probe x2 (Chrono Boost)  
  51  5:40  Gateway  
  53  5:43  Pylon  
  53  5:44  Pylon  
  53  5:47  Stalker  
  53  5:49  Probe x2 (Chrono Boost)  
  57  6:01  Probe (Chrono Boost)  
  57  6:02  Probe (Chrono Boost)  
  59  6:22  Stalker x3  
  59  6:23  Stalker  
  69  6:26  Probe x2 (Chrono Boost)  
  69  6:32  Gateway  
  69  6:36  Pylon  
  69  6:39  Gateway  
  69  6:42  Nexus  
  69  6:49  Dark Shrine  
  69  7:07  Probe x2 (Chrono Boost), Stalker  
  69  7:08  Stalker x4  
  81  7:17  Gateway  
  81  7:20  Pylon  
  79  7:24  Pylon  
  75  7:37  Stalker x2  
  75  7:38  Stalker x3  
  85  7:57  Probe (Chrono Boost)  
  85  7:58  Probe x2 (Chrono Boost)  
  86  8:07  Probe (Chrono Boost)  
  86  8:10  Probe (Chrono Boost)  
  88  8:12  Assimilator  
  88  8:17  Assimilator  
  88  8:18  Pylon  
  86  8:20  Probe (Chrono Boost)  
  86  8:21  Probe (Chrono Boost)  
  86  8:25  Stalker x2  
  86  8:26  Stalker x4  
  100  8:33  Robotics Facility  
  96  8:36  Robotics Facility  
Show
View Real Time Build Order
Export as new Build Order

Zeus Protoss 

Build Orders: Double Forge, Forge Fast Expand (FFE) 

Get SALT Encoding   

  12  0:03  Probe (Chrono Boost)  
  13  0:14  Probe (Chrono Boost)  
  14  0:24  Probe (Chrono Boost)  
  15  0:29  Pylon  
  15  0:47  Probe (Chrono Boost)  
  16  0:53  Forge  
  16  1:11  Nexus  
  16  1:16  Probe (Chrono Boost)  
  17  1:34  Photon Cannon  
  17  1:36  Pylon  
  17  1:47  Pylon  
  17  1:54  Probe (Chrono Boost)  
  18  2:05  Probe (Chrono Boost)  
  20  2:15  Probe (Chrono Boost)  
  20  2:19  Gateway  
  20  2:25  Probe (Chrono Boost)  
  20  2:26  Probe (Chrono Boost)  
  22  2:31  Assimilator  
  22  2:36  Probe (Chrono Boost), Assimilator  
  22  2:37  Probe (Chrono Boost)  
  24  2:46  Probe (Chrono Boost)  
  24  2:47  Probe (Chrono Boost)  
  26  2:57  Probe (Chrono Boost)  
  26  2:58  Probe (Chrono Boost)  
  28  3:07  Probe (Chrono Boost)  
  28  3:08  Probe (Chrono Boost), Zealot  
  32  3:17  Pylon  
  32  3:18  Probe (Chrono Boost)  
  32  3:19  Probe (Chrono Boost)  
  34  3:21  Pylon  
  34  3:25  Gateway  
  34  3:28  Gateway  
  34  3:32  Gateway  
  34  3:40  Probe x2 (Chrono Boost)  
  36  3:50  Probe x2 (Chrono Boost)  
  34  4:01  Probe x2 (Chrono Boost)  
  34  4:25  Zealot x3  
  34  4:29  Zealot  
  42  4:39  Cybernetics Core  
  42  4:46  Forge  
  42  4:52  Zealot x3  
  41  4:53  Pylon  
  41  4:56  Zealot  
  23  5:24  Probe x2 (Chrono Boost)  
  25  5:35  Probe x2 (Chrono Boost)  
  27  5:45  Probe (Chrono Boost)  
  27  5:47  Probe (Chrono Boost)  
  29  5:56  Probe (Chrono Boost)  
  30  5:59  Probe (Chrono Boost)  
  31  6:06  Probe (Chrono Boost)  
  31  6:11  Probe (Chrono Boost)  
  31  6:17  Probe (Chrono Boost)  
  20  6:42  Assimilator  
  20  6:45  Assimilator  
  20  6:46  Mothership Core (Chrono Boost)  
  13  7:39  Assimilator  
Tags
 
Add a new tag
Caveats
  • Supply blocks, unpowered buildings, or Contaminate may cause inaccurate times.
  • Supply counts are checked every 10 seconds.